[Event "Oddilovy prebor 2009"]
[Site "?"]
[Date "2009.06.29"]
[Round "7.1"]
[White "Petrasek, Kamil"]
[Black "Petrasek, Jan"]
[Result "0-1"]
[ECO "C24"]
[WhiteElo "1549"]
[BlackElo "1261"]
[Annotator ",Chess"]
[PlyCount "134"]
[EventDate "2009.??.??"]
[TimeControl "240+2"]

{79MB, CHESS} 1. e4 e5 2. Bc4 Nf6 3. d3 Nc6 4. Nf3 d5 5. exd5 Nxd5 6. Qe2 Bd6
7. Bxd5 Bb4+ 8. c3 Qxd5 9. cxb4 Bg4 10. Nc3 Qd6 11. h3 Bh5 12. g4 Bg6 13. Ne4
Qxb4+ 14. Qd2 Qb5 15. a4 Qd5 16. Qe3 Nb4 17. Qd2 Nxd3+ 18. Ke2 Qxe4+ 19. Qe3
Nf4+ 20. Kf1 Qxe3 21. fxe3 Nd3 22. Ke2 Nxc1+ 23. Raxc1 O-O-O 24. Nxe5 Rd5 25.
Nxg6 hxg6 26. Rcf1 f6 27. Rf4 Rhd8 28. b4 Rd2+ 29. Kf3 Re8 30. Re1 Rd3 31. b5
Ra3 32. Re2 b6 33. Re1 Kb7 34. Rd4 Re7 35. Rb4 a6 36. Kf4 axb5 37. axb5 Re5 38.
Rd4 Re7 39. g5 fxg5+ 40. Kxg5 Raxe3 41. Rxe3 Rxe3 42. h4 Re5+ 43. Kxg6 Rxb5 44.
Kxg7 Kc6 45. Rc4+ Kd6 46. Rc1 Rf5 47. Rh1 Ke7 48. Re1+ Kd8 49. Kg6 Rf8 50. h5
Rf2 51. Ra1 Rg2+ 52. Kh7 c5 53. Kh8 c4 54. h6 c3 55. h7 c2 56. Rg1 b5 57. Rxg2
c1=Q 58. Rg6 Ke7 59. Kg7 Qc3+ 60. Kh6 Qh3+ 61. Kg7 Qc3+ 62. Kh6 Kf7 63. Rg5
Qf6+ 64. Kh5 b4 65. Kg4 Qxg5+ 66. Kxg5 Kg7 67. Kf4 b3 0-1

[Event "Oddilovy prebor 2009"]
[Site "?"]
[Date "2009.06.21"]
[Round "7.2"]
[White "Pospisil, Petr"]
[Black "Sion, David"]
[Result "0-1"]
[ECO "B01"]
[WhiteElo "1293"]
[BlackElo "1250"]
[Annotator ",Chess"]
[PlyCount "30"]
[EventDate "2009.??.??"]
[TimeControl "240+2"]

{79MB, CHESS} 1. e4 d5 2. exd5 Nf6 3. c4 e6 4. dxe6 Bxe6 5. Nc3 Bc5 6. d3 O-O
7. Nf3 Re8 8. Be2 Bf5 9. O-O Nc6 10. Bg5 Nd4 11. Nd5 Nxe2+ 12. Kh1 c6 13. Nxf6+
gxf6 14. Bh6 Qxd3 15. Nd2 Bb4 0-1

[Event "Oddilovy prebor 2009"]
[Site "?"]
[Date "2009.06.21"]
[Round "7.3"]
[White "Buchta, Martin"]
[Black "Sodomka, Adam"]
[Result "1/2-1/2"]
[ECO "C46"]
[WhiteElo "1369"]
[BlackElo "1642"]
[Annotator ",Chess"]
[PlyCount "22"]
[EventDate "2009.??.??"]
[TimeControl "240+2"]

{79MB, CHESS} 1. e4 e5 2. Nf3 Nc6 3. Nc3 f5 4. exf5 d5 5. d4 e4 6. Ne5 Bxf5 7.
Bb5 Nge7 8. Bg5 Qd6 9. f4 exf3 10. Qxf3 Be6 11. Bxe7 Bxe7 1/2-1/2

[Event "Oddilovy prebor 2009"]
[Site "?"]
[Date "2009.05.17"]
[Round "7.4"]
[White "Smejkal, Jan"]
[Black "Schaffer, David"]
[Result "1-0"]
[ECO "D02"]
[WhiteElo "1863"]
[BlackElo "1461"]
[Annotator ",Dave"]
[PlyCount "71"]
[EventDate "2009.??.??"]
[TimeControl "240+2"]

{319MB, DAVE-PC} 1. Nf3 d5 2. g3 Nc6 3. d4 Bg4 4. Bg2 Nf6 5. O-O e6 6. b3 Bd6
7. Na3 a6 8. c4 Qe7 9. c5 Bxf3 10. cxd6 Bxe2 11. dxe7 Bxd1 12. Rxd1 Kxe7 13.
Nc2 h6 14. Ba3+ Kd7 15. Rac1 a5 16. Bc5 b6 17. Ba3 b5 18. Bc5 g5 19. Rd3 g4 20.
Ne3 h5 21. f3 Rh6 22. fxg4 Nxg4 23. h3 Nxe3 24. Rxe3 Rg8 25. Kh2 Rhg6 26. Rf1
f5 27. Rf4 Nd8 28. Ba3 b4 29. Bc1 Nc6 30. Bf1 R6g7 31. Rh4 Rh8 32. Be2 Rgh7 33.
Bb5 Re8 34. Re2 Kd6 35. Bf4+ e5 36. dxe5+ 1-0

[Event "Oddilovy prebor 2009"]
[Site "?"]
[Date "2009.06.28"]
[Round "8.1"]
[White "Petrasek, Jan"]
[Black "Stodola, Marek"]
[Result "0-1"]
[ECO "B50"]
[WhiteElo "1261"]
[BlackElo "1600"]
[Annotator ",Chess"]
[PlyCount "64"]
[EventDate "2009.??.??"]
[TimeControl "240+2"]

{79MB, CHESS} 1. e4 c5 2. Nc3 g6 3. Nf3 d6 4. d4 cxd4 5. Qxd4 Nf6 6. Ng5 Bg7 7.
Qc4 O-O 8. Qb3 Nc6 9. Bc4 Ne5 10. Bd5 Nxd5 11. Nxd5 e6 12. Nc3 b6 13. f4 Nc6
14. O-O Nd4 15. Qc4 Nxc2 16. Rb1 Bb7 17. Qa4 Nd4 18. Be3 Nc6 19. Rbd1 Bxc3 20.
bxc3 Ne7 21. Qd4 d5 22. Rf3 dxe4 23. Rh3 Nf5 24. Qxd8 Raxd8 25. Rxd8 Rxd8 26.
Bd4 Nxd4 27. cxd4 h5 28. Rc3 Rxd4 29. Rc7 e3 30. Kf1 Ba6+ 31. Ke1 e2 32. Nxf7
Rd1+ 0-1

[Event "Oddilovy prebor 2009"]
[Site "?"]
[Date "2009.06.14"]
[Round "8.3"]
[White "Sodomka, Adam"]
[Black "Smejkal, Jan"]
[Result "1/2-1/2"]
[ECO "B24"]
[WhiteElo "1642"]
[BlackElo "1863"]
[Annotator ",Chess"]
[PlyCount "41"]
[EventDate "2009.??.??"]
[TimeControl "240+2"]

{79MB, CHESS} 1. e4 c5 2. Nc3 Nc6 3. g3 g6 4. Bg2 Bg7 5. d3 Nf6 6. Be3 Nd4 7.
Qd2 Ng4 8. Nd1 d6 9. c3 Nxe3 10. Nxe3 Nc6 11. f4 e6 12. Ne2 Ne7 13. g4 f5 14.
gxf5 exf5 15. Ng3 O-O 16. O-O-O Qa5 17. Nc4 Qxa2 18. Nxd6 Be6 19. Nc4 Rad8 20.
Qe2 b5 21. Nd2 1/2-1/2

[Event "Oddilovy prebor 2009"]
[Site "?"]
[Date "2009.06.14"]
[Round "8.4"]
[White "Sion, David"]
[Black "Buchta, Martin"]
[Result "1-0"]
[ECO "C53"]
[WhiteElo "1250"]
[BlackElo "1369"]
[Annotator ",Chess"]
[PlyCount "37"]
[EventDate "2009.??.??"]
[TimeControl "240+2"]

{79MB, CHESS} 1. e4 e5 2. Nf3 Nc6 3. Bc4 Bc5 4. c3 d6 5. d4 exd4 6. cxd4 Bb4+
7. Bd2 Bxd2+ 8. Nbxd2 Qe7 9. O-O Nh6 10. e5 dxe5 11. Re1 f6 12. dxe5 fxe5 13.
Nxe5 Nxe5 14. Qh5+ g6 15. Qxh6 Bg4 16. Qf4 O-O-O 17. Rxe5 Qd7 18. Rd5 Rhf8 19.
Qg3 1-0

[Event "Oddilovy prebor 2009"]
[Site "?"]
[Date "2009.07.01"]
[Round "8.5"]
[White "Petrasek, Kamil"]
[Black "Pospisil, Petr"]
[Result "1/2-1/2"]
[ECO "B23"]
[WhiteElo "1549"]
[BlackElo "1293"]
[Annotator ",Chess"]
[PlyCount "75"]
[EventDate "2009.??.??"]
[TimeControl "240+2"]

{79MB, CHESS} 1. e4 c5 2. Nc3 Nc6 3. d3 e6 4. Bf4 Nf6 5. Nf3 d5 6. exd5 Nxd5 7.
Nxd5 exd5 8. Be2 Be7 9. Qd2 Bg4 10. h3 Bh5 11. O-O O-O 12. Rfe1 Bf6 13. c3 Re8
14. Nh2 Bxe2 15. Rxe2 Rxe2 16. Qxe2 d4 17. c4 Qd7 18. Re1 h6 19. Ng4 Bh4 20.
Ne5 Qf5 21. Nxc6 Qxf4 22. Ne7+ Bxe7 23. Qxe7 Qd2 24. Qe2 Qxe2 25. Rxe2 Kf8 26.
Re5 b6 27. Kf1 Re8 28. Rd5 f6 29. a4 Ke7 30. a5 Rd8 31. Rh5 Rd6 32. axb6 axb6
33. Ke2 Re6+ 34. Kd2 Re5 35. Rh4 Kd6 36. b4 Rg5 37. bxc5+ bxc5 38. g3 1/2-1/2

[Event "Oddilovy prebor 2009"]
[Site "?"]
[Date "2009.07.01"]
[Round "9.1"]
[White "Pospisil, Petr"]
[Black "Petrasek, Jan"]
[Result "0-1"]
[ECO "C41"]
[WhiteElo "1293"]
[BlackElo "1261"]
[Annotator ",Chess"]
[PlyCount "102"]
[EventDate "2009.??.??"]
[TimeControl "240+2"]

{79MB, CHESS} 1. e4 e5 2. Nf3 d6 3. Bc4 Be7 4. d4 Nd7 5. dxe5 Nxe5 6. Nxe5 dxe5
7. Qxd8+ Bxd8 8. O-O Nf6 9. Nc3 O-O 10. b3 Bd7 11. Bb2 Re8 12. Rfe1 c6 13. Rad1
Bb6 14. Na4 Ba5 15. Re3 b5 16. Nc5 Bb6 17. Bxf7+ Kxf7 18. Nxd7 Bxe3 19. fxe3
Nxd7 20. Rxd7+ Kf6 21. Rd2 Rf8 22. Rd6+ Ke7 23. Rxc6 Rad8 24. Ba3+ Kd7 25. Ra6
Rf6 26. Rxa7+ Kc6 27. h3 Rd1+ 28. Kh2 Rf2 29. Rxg7 Rxc2 30. Rxh7 Rdd2 31. Rh6+
Kd7 32. Rg6 Rxa2 33. Bc5 Rdc2 34. b4 Rc4 35. Rg7+ Ke6 36. Rg4 Kf6 37. Kg3 Rcc2
38. Kh2 Ra8 39. Rg3 Rh8 40. Rf3+ Ke6 41. Rg3 Rh4 42. Rg6+ Kf7 43. Rb6 Rh5 44.
Rb7+ Kg8 45. Be7 Rh7 46. Rb8+ Kf7 47. Bc5 Rh6 48. Rxb5 Rg6 49. Rb7+ Ke8 50.
Re7+ Kd8 51. Rxe5 Rcxg2+ 0-1

[Event "Oddilovy prebor 2009"]
[Site "?"]
[Date "2009.06.14"]
[Round "9.2"]
[White "Buchta, Martin"]
[Black "Petrasek, Kamil"]
[Result "0-1"]
[ECO "C62"]
[WhiteElo "1369"]
[BlackElo "1549"]
[Annotator ",Chess"]
[PlyCount "66"]
[EventDate "2009.??.??"]
[TimeControl "240+2"]

{79MB, CHESS} 1. e4 e5 2. Nf3 Nc6 3. Bb5 d6 4. d4 Bd7 5. d5 Nce7 6. c4 Bxb5 7.
cxb5 Qd7 8. a4 f5 9. Ng5 fxe4 10. Nxe4 Qf5 11. Nbc3 Nf6 12. Nxf6+ gxf6 13. a5
Rg8 14. g3 Rg4 15. f4 Bh6 16. Rf1 exf4 17. gxf4 Bxf4 18. Bxf4 Rxf4 19. Rxf4
Qxf4 20. Qh5+ Kd7 21. Qxh7 Rg8 22. Qh3+ Nf5 23. Ke2 Re8+ 24. Kd1 Qf2 25. Kc1
Re1+ 26. Nd1 Qf4+ 27. Kc2 Re2+ 28. Kb1 Rxh2 29. Qc3 Qe4+ 30. Kc1 Qxd5 31. b6
axb6 32. axb6 cxb6 33. Qxf6 Qd2+ 0-1

[Event "Oddilovy prebor 2009"]
[Site "?"]
[Date "2009.06.14"]
[Round "9.3"]
[White "Smejkal, Jan"]
[Black "Sion, David"]
[Result "1-0"]
[ECO "D34"]
[WhiteElo "1863"]
[BlackElo "1250"]
[Annotator ",Chess"]
[PlyCount "107"]
[EventDate "2009.??.??"]
[TimeControl "240+2"]

{79MB, CHESS} 1. Nf3 e6 2. c4 d5 3. g3 Nf6 4. Bg2 c5 5. O-O Nc6 6. cxd5 exd5 7.
d4 Be6 8. Nc3 Bd6 9. dxc5 Bxc5 10. Ng5 d4 11. Na4 Be7 12. Nxe6 fxe6 13. Qb3 Qd7
14. Bg5 Na5 15. Qd1 Rc8 16. b3 h6 17. Bd2 Nc6 18. Rc1 Ba3 19. Rc2 e5 20. Bc1
Bd6 21. Qd3 O-O 22. Nc5 Bxc5 23. Rxc5 e4 24. Bxe4 Nb4 25. Qc4+ Kh8 26. Bf5 Rxc5
27. Qxc5 Qf7 28. Ba3 a5 29. Qxa5 Nc6 30. Qc5 Re8 31. Bd3 Re5 32. Qc4 Qh5 33.
Bd6 Ng4 34. h4 Re8 35. Qb5 Qf7 36. Bf4 Rf8 37. h5 Nf6 38. Bg6 Qe7 39. a4 Nd7
40. Qd3 Nde5 41. Bxe5 Nxe5 42. Qxd4 Qg5 43. Qd6 Rd8 44. Qe6 Nxg6 45. Qxg6 Qd5
46. b4 Qc4 47. Qb6 Rd5 48. Qg6 Rg5 49. Qe8+ Kh7 50. Rd1 Qg4 51. Rd8 Rxh5 52.
Qg8+ Kg6 53. Rd6+ Kg5 54. Qxg7+ 1-0

[Event "Oddilovy prebor 2009"]
[Site "?"]
[Date "2009.06.28"]
[Round "9.4"]
[White "Schaffer, Ondrej"]
[Black "Sodomka, Adam"]
[Result "1/2-1/2"]
[ECO "C40"]
[WhiteElo "1615"]
[BlackElo "1642"]
[Annotator ",Chess"]
[PlyCount "30"]
[EventDate "2009.??.??"]
[TimeControl "240+2"]

{79MB, CHESS} 1. e4 e5 2. Nf3 f5 3. exf5 e4 4. Nd4 Nf6 5. d3 c5 6. Nb3 d5 7.
dxe4 Qe7 8. Bb5+ Bd7 9. Bxd7+ Nbxd7 10. O-O dxe4 11. Bg5 O-O-O 12. Nc3 Qe5 13.
Re1 Qxf5 14. Bxf6 Nxf6 15. Qe2 Re8 1/2-1/2

[Event "Oddilovy prebor 2009"]
[Site "?"]
[Date "2009.06.28"]
[Round "9.5"]
[White "Stodola, Marek"]
[Black "Schaffer, David"]
[Result "1-0"]
[ECO "D02"]
[WhiteElo "1600"]
[BlackElo "1461"]
[Annotator ",Chess"]
[PlyCount "33"]
[EventDate "2009.??.??"]
[TimeControl "240+2"]

{79MB, CHESS} 1. d4 d5 2. Nf3 Bg4 3. Nbd2 e6 4. c3 c5 5. dxc5 Bxc5 6. Ne5 Bf5
7. Qa4+ Nd7 8. e4 dxe4 9. Bb5 Ngf6 10. g4 Bg6 11. g5 a6 12. gxf6 axb5 13. fxg7
Rg8 14. Qxb5 Bd6 15. Nxg6 hxg6 16. Nxe4 Qc7 17. Nf6+ 1-0